[Event "African Individual Chess-ch Open 2024"]
[Site "Accra"]
[Date "2024.03.13"]
[Round "1.1"]
[White "Adewole, Adeyinka Samuel"]
[Black "Amin, Bassem"]
[Result "0-1"]
[ECO "C30"]
[WhiteElo "1935"]
[BlackElo "2670"]
[Annotator "TA"]
[PlyCount "106"]
[EventDate "2024.03.13"]
[EventCountry "GHA"]
[SourceTitle "playchess.com"]
[Source "ChessBase"]
[SourceQuality "1"]
[TimeControl "5400+30"]

1. f4 e5 2. fxe5 d6 3. Nf3 dxe5 4. e4 Nf6 5. Bc4 Bc5 6. Qe2 Nc6 7. d3 (7. Bxf7+ {feels hotter.} Kxf7 8. Qc4+ Ke8 9. Qxc5 Nxe4 10. Qe3) 7... Nd4 8. Nxd4 {[%emt 0:00:27] The position is equal.} Bxd4 9. h3 {[%emt 0:02:19] Inhibits Bg4.} Qe7 10. c3 Bb6 11. Bg5 h6 12. Bh4 Be6 13. Nd2 O-O-O 14. a4 a6 15. Rf1 g5 16. Bf2 Nd7 17. d4 (17. Bxb6 $14 Nxb6 18. Bxe6+ fxe6 19. a5) 17... exd4 $15 18. cxd4 {[%emt 0:04:08] [#]} Bxc4 $1 19. Qxc4 Ba5 (19... Nf6 $17 20. e5 Nd5) 20. O-O-O $1 $11 Nb6 (20... Bxd2+ 21. Rxd2 Rhe8 (21... Qxe4 22. Bg3 $16) 22. Bg3) 21. Qc2 Qb4 (21... Rhe8 $11) 22. Nb3 {[%emt 0:09:05] Hoping for Be1.} Qxa4 23. Bg3 (23. d5 $14 {deserves consideration.}) 23... Rd7 24. Rf5 Bb4 25. Kb1 Re8 {[%emt 0:13:49] [#]} (25... Bd6 $11 {keeps the balance.} 26. Bxd6 Rxd6) 26. Rc1 (26. d5 $1 $16) 26... Qc6 27. Qxc6 bxc6 28. Rf6 $2 (28. Rxc6 $16 {[%cal Og3c7] keeps the pressure on. Threatens to win with Bxc7!} Rxe4 29. Bxc7 Re1+ 30. Ka2 Rxc7 31. Rxb6) 28... Rxe4 $17 {[%emt 0:00:23] And now ...Nd5 would win.} 29. Rfxc6 Nd5 30. Be5 Re3 31. Na1 Be7 32. Rxh6 f6 33. Bh2 Rd3 34. Nc2 Rd2 $36 {[%emt 0:00:18][%mdl 2048] Black is really pushing.} 35. Rg1 Bd6 {[%emt 0:01:58] Black is much more active.} 36. Bxd6 Rxd6 37. g4 (37. h4 $17) 37... Re6 ({Black should play} 37... Rb6 $19 {...Nf4 is the strong threat.} 38. Rg3 Rd1+ 39. Ka2 Rc1 40. Rh8+ (40. Ne3 $2 Nb4+ 41. Ka3 Nd3 $19) 40... Kb7) 38. h4 $2 {[%emt 0:02:07][%mdl 8192] This move loses the game for White.} (38. Rh8+ $17 {is more resistant.} Kb7 39. Rg3) 38... Ree2 $19 39. Rh8+ Kb7 40. Rg3 Rxc2 41. Rb3+ Kc6 {[%emt 0:02:42] White must now prevent ...a5.} 42. hxg5 fxg5 43. Rg8 Rcd2 44. Rxg5 Rd1+ 45. Ka2 Rxd4 {[%emt 0:00:16] aiming for ...Nb4+.} 46. Rg6+ Kd7 {[%emt 0:00:18] Strongly threatening ...Nb4+.} 47. Rg7+ Ke6 {[%emt 0:00:09] ...Nb4+ would now be deadly.} 48. Rf3 Ra4+ 49. Ra3 Rb4 50. Rxa6+ Ke5 {[%emt 0:00:21] Black mates.} 51. Rg5+ Kd4 52. Ka3 Rexb2 53. Rxd5+ Kxd5 {[%emt 0:00:03] Weighted Error Value: White=0.59/Black=0.33.  Loses game:     	White=1     	---        Mistake:       	White=5     	Black=4      Inaccurate:     	White=6     	Black=5      OK:         	White=13    	Black=13     Best:        	White=2     	Black=4      Strong:       	White=1     	Black=1} 0-1

[Event "African Individual Chess-ch Open 2024"]
[Site "Accra"]
[Date "2024.03.13"]
[Round "1.2"]
[White "Bellahcene, Bilel"]
[Black "David Leroy Debblay"]
[Result "1-0"]
[ECO "C42"]
[WhiteElo "2522"]
[BlackElo "1913"]
[Annotator "TA"]
[PlyCount "63"]
[EventDate "2024.03.13"]
[EventCountry "GHA"]
[SourceTitle "playchess.com"]
[Source "ChessBase"]
[SourceQuality "1"]
[TimeControl "5400+30"]

1. e4 e5 2. Nf3 Nf6 3. Nxe5 d6 4. Nf3 Nxe4 5. Nc3 Nxc3 6. dxc3 Be7 7. Be3 Nc6 8. Qd2 Be6 9. O-O-O O-O 10. h3 Ne5 11. Nd4 {[%emt 0:04:32] White is slightly better.} Bc4 12. b3 Bxf1 13. Rhxf1 Bf6 14. g4 Nd7 15. g5 Bxd4 16. Bxd4 Re8 17. f4 {[%emt 0:01:48] Inhibits Ne5.} Nc5 18. c4 Ne4 19. Qd3 {[%emt 0:00:06] White is more active.} Qd7 20. Bb2 Qf5 21. Qd4 {[%emt 0:00:45][%csl Gb2][%cal Rd4g7] [#]} f6 {[%emt 0:00:26] Hoping for ...Ng3.} 22. gxf6 (22. Kb1 $16) 22... Nxf6 (22... Ng3 $1 $15 23. f7+ Qxf7 (23... Kxf7 24. Qxg7+ Ke6 25. Rde1+ Ne4 26. Rxe4+ Qxe4 27. f5+)) 23. Rg1 $40 {[%emt 0:05:29][%mdl 128] White is up to no good.} Re2 $1 24. Qd3 (24. Qxf6 $2 Qxc2#) 24... Qxd3 (24... Qxf4+ 25. Kb1 Rae8 26. b4 $17 (26. Rdf1 Rf2 $11)) (24... Qxf4+ {with more complications.} 25. Kb1 Rae8 26. Bd4 c5) 25. Rxd3 Kf7 26. c5 dxc5 27. Bxf6 Kxf6 $11 {[%emt 0:04:31] KRR-KRR} 28. Rd7 $1 Rae8 ({Black should try} 28... Rg8 $14) 29. Rgxg7 $16 ({And not} 29. Rxc7 R8e7 30. Rxc5 R2e4 $15) 29... R8e7 $2 {[%emt 0:01:59] [#]} (29... Re1+ $16 {is a better defense.} 30. Kb2 R1e7 31. Rxh7 Rxh7 32. Rxh7 Rc8 33. Rh6+ Ke7) 30. Rxh7 Rxh7 31. Rxh7 Re6 $2 (31... c4 32. Rxc7 (32. bxc4 c6 $18) 32... b5 33. bxc4 a6 34. Rc6+ Kf7 35. Rxa6 bxc4) 32. Rh6+ {[%emt 0:00:49] Weighted Error Value: White=0.30/Black=0.35.  Loses game:     	---       	Black=1      Mistake:       	White=1     	Black=3      Inaccurate:     	White=4     	Black=4      OK:         	White=5     	Black=6      Best:        	White=4     	Black=1      Strong:       	---       	Black=1} (32. Rxc7 c4 33. Rxc4 (33. bxc4 Re3 $18) 33... Re7 $18) 1-0

[Event "African Individual Chess-ch Open 2024"]
[Site "Accra"]
[Date "2024.03.13"]
[Round "1.4"]
[White "Rakotomaharo, Fy Antenaina"]
[Black "Fomevor, Cephas Clinton"]
[Result "1-0"]
[ECO "A11"]
[WhiteElo "2454"]
[BlackElo "1887"]
[Annotator "TA"]
[PlyCount "65"]
[EventDate "2024.03.13"]
[EventCountry "GHA"]
[SourceTitle "playchess.com"]
[Source "ChessBase"]
[SourceQuality "1"]
[TimeControl "5400+30"]

1. Nf3 d5 2. e3 Nf6 3. c4 c6 4. Nc3 a6 5. b3 Bg4 6. h3 Bxf3 7. Qxf3 e6 8. Bb2 {[%emt 0:00:42] Die Stellung ist ausgeglichen.} Nbd7 9. Qd1 Be7 10. d4 O-O 11. Be2 Re8 12. O-O Rc8 13. Rc1 Bb4 14. Qc2 Qe7 15. Nb1 Ne4 16. Bd3 Ndf6 17. Rfd1 g6 18. f3 Ng3 19. e4 (19. Nd2 $11) 19... dxe4 20. fxe4 Nfh5 {[%emt 0:03:29] Ein dynamisches Springerpaar.} (20... e5 $5 21. c5 exd4 $11) 21. Qf2 {[%emt 0:05:01] Verhindert e5.} Qg5 22. a3 Bd6 ({Vorzuziehen ist} 22... Be7 $17 23. e5 Qh6) 23. e5 $36 {[%emt 0:00:19][%mdl 2048] Weiss hat Initiative.} Bb8 24. Nd2 Nf4 $2 {[%emt 0:02:47] Danach kann Schwarz die Partie nicht mehr halten.} (24... f5 $11 {und Schwarz ist OK.}) 25. Nf3 $18 Nxd3 (25... Nge2+ $142 26. Bxe2 Nxh3+ 27. Kf1 Qxc1) 26. Rxd3 Qf4 27. Re1 Ne4 {[%emt 0:03:05] [#]} 28. Rxe4 {[%emt 0:01:10][%mdl 512] Weiß steht klar auf Gewinn.} Qxe4 29. Ng5 $1 Qf5 {[%emt 0:01:09] [#]} ({Minderwertig wäre} 29... Qxd3 30. Qxf7+ Kh8 31. Qxh7#) 30. Qh4 h5 31. Ne4 {[%emt 0:00:06] Droht Rf3 und aus.} Bc7 32. Rf3 Bd8 33. Qe1 {[%emt 0:00:06] Gewichteter Fehlerwert: Weiß=0.09 (makellos) /Schwarz=0.30.  Verlustzug:     	---       	Schwarz=1     Fehler:       	Weiß=1     	Schwarz=2     Ungenau:       	Weiß=1     	Schwarz=3     OK:         	Weiß=9     	Schwarz=11    Bester:       	Weiß=6     	Schwarz=3     Brilliant:      	Weiß=1     	---} 1-0

[Event "African Individual Chess-ch Open 2024"]
[Site "Accra"]
[Date "2024.03.13"]
[Round "1.5"]
[White "Murara, Maxence"]
[Black "Silva, David"]
[Result "0-1"]
[ECO "E90"]
[WhiteElo "1880"]
[BlackElo "2358"]
[Annotator "TA"]
[PlyCount "107"]
[EventDate "2024.03.13"]
[EventCountry "GHA"]
[SourceTitle "playchess.com"]
[Source "ChessBase"]
[SourceQuality "1"]
[TimeControl "5400+30"]

1. d4 Nf6 2. c4 g6 3. Nc3 Bg7 4. Nf3 O-O 5. e4 d6 6. Bd3 Bg4 7. h3 Bxf3 8. Qxf3 Nc6 9. Be3 Nd7 10. d5 $1 Nd4 {[%emt 0:01:27] The position is equal.} 11. Qd1 c5 12. O-O e5 13. f4 exf4 14. Bxf4 Ne5 15. Bxe5 {[%emt 0:04:16] White is now going downhill.} (15. Rb1 $11 {remains equal.}) 15... Bxe5 $17 (15... dxe5 $6 16. Nb5 $11) 16. Ne2 Qg5 17. Nxd4 Bxd4+ (17... cxd4 18. Rf3 $15) 18. Kh1 {[%emt 0:00:43] White is weak on the dark squares} Bxb2 {[%emt 0:00:03] Black is much more active.} 19. Rb1 Be5 {[%emt 0:00:07] [#] And now ...Qg3 would win.} 20. Qf3 Qe7 21. Rb3 b6 $36 {[%emt 0:01:30][%mdl 2048] Black is on the roll.} 22. Qg4 Rab8 23. h4 h5 24. Qh3 Kg7 25. Be2 (25. a4 $17) 25... Bf6 26. g3 (26. Rf4 $17) 26... Qxe4+ $19 27. Qg2 Qxg2+ 28. Kxg2 Rbe8 29. Bd1 (29. Bd3 {might work better.}) 29... Re4 30. Rbf3 Be5 31. Bb3 f5 32. R1f2 a6 33. a4 Rb8 34. Ra2 b5 35. cxb5 axb5 36. a5 (36. axb5 $142 Rxb5 37. Rc2) 36... c4 37. Bc2 {[%emt 0:01:04] [#]} b4 $1 {[%emt 0:00:00][%cal Ob4b3] aiming for ...b3!} 38. Bxe4 (38. a6 Re2+) 38... fxe4 {[%emt 0:00:00][%mdl 4096] Endgame. KRR-KRB} 39. Rf1 b3 40. Raf2 b2 41. a6 b1=Q (41... b1=B $2 {too greedy.} 42. a7 Ra8 43. Rf7+ Kh6 (43... Kg8 $2 44. Rf8+ Rxf8 45. Rxf8+ Kxf8 46. a8=Q+ Ke7 47. Qb7+ Kf6 48. Qxb1 $18) 44. Rxb1 $18) 42. Rxb1 Rxb1 {[%emt 0:00:00] KRB-KR} 43. Ra2 Rb8 (43... c3 $142 44. Kh3 Rb2 45. Ra1 c2 46. Rc1 Bd4 47. g4 Be3 48. a7 Bxa7 (48... Bxc1 49. a8=Q Be3 50. Qe8 Rb7 51. Qc8 hxg4+ 52. Kxg4 c1=Q 53. Qxc1 Bxc1 54. Kh3 Rb2 55. Kg3 Kf6 56. Kg4 Ke5 57. h5 gxh5+ 58. Kxh5 Kf5 59. Kh4 Rh2+ 60. Kg3 Bf4#) 49. gxh5 gxh5 50. Kg2 Be3 51. Rxc2 Rxc2+ 52. Kf1 Kf6 53. Ke1 Ke5 54. Kd1 Ra2 55. Ke1 Kd4 (55... Kxd5 {is a self mate.} 56. Kd1 Kd4 57. Ke1 Kd3 58. Kf1 d5 59. Ke1 Ra1#) 56. Kf1 Kd3 57. Ke1 Ra1#) 44. a7 Ra8 {[%emt 0:00:00] ...c3 is the strong threat.} 45. Ra6 c3 {[%emt 0:00:00] Threatens to win with ...Kf6.} 46. Kf1 c2 47. Rc6 Rxa7 48. Rxc2 Rf7+ 49. Ke2 Bxg3 {[%emt 0:00:00] ( -> ...Rf2+)} 50. Ke3 Bxh4 {[%emt 0:00:00] Black mates.} 51. Kxe4 Re7+ 52. Kd4 Bf6+ 53. Kc4 Rc7+ 54. Kd3 {[%emt 0:01:41] Weighted Error Value: White=0.79/Black=0.21 (precise) .  Mistake:       	White=5     	---        Inaccurate:     	White=1     	---        OK:         	White=8     	Black=16     Best:        	White=2     	Black=1      Strong:       	White=1     	---} 0-1

[Event "African Individual Chess-ch Open 2024"]
[Site "Accra"]
[Date "2024.03.13"]
[Round "1.6"]
[White "Mwali, Chitumbo"]
[Black "Frempong-Smart Daniel"]
[Result "1-0"]
[ECO "B13"]
[WhiteElo "2340"]
[BlackElo "1877"]
[Annotator "TA"]
[PlyCount "94"]
[EventDate "2024.03.13"]
[EventCountry "GHA"]
[SourceTitle "playchess.com"]
[Source "ChessBase"]
[SourceQuality "1"]
[TimeControl "5400+30"]

1. e4 c6 2. d4 d5 3. exd5 cxd5 4. Nf3 Nf6 5. Be2 Nc6 6. O-O Bf5 7. c3 Qc7 8. Nbd2 h6 9. Re1 {[%emt 0:00:26] The position is equal.} e6 10. Nf1 Bd6 11. h3 O-O 12. Ne3 Be4 13. Nf1 Rab8 14. a4 a6 15. N1d2 Bh7 {[%emt 0:01:39][%cal Oc6b4] Threatens to win with ...Nb4!} 16. Nb3 Nb4 17. cxb4 {[%emt 0:05:46] Strongly threatening Nc5.} Bc2 $1 18. Qd2 Bxb3 19. Qc3 {[%emt 0:01:30] Black converts the advantage convincingly.} Qxc3 20. bxc3 Rfc8 $36 {[%emt 0:00:38][%mdl 2048] Keeping White busy.} 21. Ra3 (21. Bb2 $17 {was worth a try.}) 21... Rxc3 $19 22. Nd2 {[%emt 0:55:06] [#]} (22. Bd2 $142 Bxb4 23. Raa1) 22... Bxb4 $1 23. Bb2 Bxa3 24. Bxc3 Bc2 25. Ra1 Bf8 26. Ra2 Bg6 27. Ba5 b6 28. Rb2 Nd7 29. Bb4 Bxb4 30. Rxb4 a5 31. Rb2 Rc8 32. Bb5 Nf6 33. Nf3 Rc1+ 34. Kh2 Rc2 35. Rxc2 Bxc2 {[%emt 0:00:00][%mdl 4096] Endgame. KBN-KBN. Black is clearly winning.} 36. Ne1 Bb3 37. f3 Kf8 38. Nd3 Bc4 39. Nb2 Bxb5 40. axb5 {[%emt 0:00:00] KN-KN} Ke7 {[%emt 0:00:00] White must now prevent ...Ne8.} 41. Kg3 Kd6 {[%emt 0:00:00] Hoping for ...Ne8.} 42. Kf4 Ne8 43. Nd1 Nc7 44. Nc3 {[%emt 0:00:00] [#]} e5+ $1 45. dxe5+ (45. Ke3 exd4+) 45... Kc5 {[%emt 0:00:00][%cal Oc5c4] aiming for ...Kc4!} 46. Kf5 Kc4 47. Na4 Kxb5 {[%emt 0:00:00][%mdl 32768] Weighted Error Value: White=0.39/Black=0.12 (very precise) .  Mistake:       	White=2     	---        Inaccurate:     	White=6     	Black=2      OK:         	White=9     	Black=21     Best:        	White=2     	Black=1      Strong:       	---       	Black=1     . Sensor Board Error (Ke4/e5)?} 1-0

[Event "African Individual Chess-ch Open 2024"]
[Site "Accra"]
[Date "2024.03.13"]
[Round "1.7"]
[White "Sekyere, Kwame Frimpong"]
[Black "Kayonde, Andrew"]
[Result "1-0"]
[ECO "E01"]
[WhiteElo "1873"]
[BlackElo "2321"]
[Annotator "TA"]
[PlyCount "48"]
[EventDate "2024.03.13"]
[EventCountry "GHA"]
[SourceTitle "playchess.com"]
[Source "ChessBase"]
[SourceQuality "1"]
[TimeControl "5400+30"]

1. c4 Nf6 2. g3 c6 3. Bg2 d5 4. Nf3 e6 5. O-O Bd6 6. d4 Nbd7 7. b3 O-O 8. Bb2 Re8 9. Nc3 dxc4 10. bxc4 e5 11. d5 (11. e3 $14) 11... Nb6 (11... cxd5 $11 12. Nxd5 Nxd5) 12. Qb3 (12. dxc6 $14 Nxc4 13. Nb5) 12... e4 13. Nd4 Bc5 14. Rad1 cxd5 15. Nxd5 Nfxd5 16. cxd5 Bd7 {[%emt 0:06:08] [#]} (16... Bg4 $11 {bleibt in der Remisbreite.}) 17. Nb5 ({Der einzige Zug:} 17. Ne6 $1 $16 fxe6 18. dxe6 Bxe6 (18... Rxe6 $2 {verliert.} 19. Bh3 $18) 19. Rxd8 Bxb3 20. Rxa8 Nxa8 21. axb3) 17... Bxb5 ({Vorzuziehen ist} 17... Rc8 $11) 18. Qxb5 $14 Bd6 19. Bd4 {[%emt 0:01:40] Weiß steht aktiver.} f5 20. a4 Qd7 21. Qxd7 (21. Bxb6 Qxb5 22. axb5 axb6 $11) 21... Nxd7 22. Bh3 {[%emt 0:00:04] Das Läuferpaar ist gut.} g6 23. g4 Rf8 (23... f4 $16) 24. gxf5 $18 gxf5 {[%emt 0:00:30] Gewichteter Fehlerwert: Weiß=0.23 (präzise) /Schwarz=0.38.  Fehler:       	Weiß=3     	Schwarz=4     Ungenau:       	---       	Schwarz=1     OK:         	Weiß=5     	Schwarz=4     Bester:       	Weiß=1     	---} 1-0

[Event "African Individual Chess-ch Open 2024"]
[Site "Accra"]
[Date "2024.03.13"]
[Round "1.8"]
[White "KIGIGHA, Bomo Lovet"]
[Black "Egbe, Kossi Thierry"]
[Result "1-0"]
[ECO "A16"]
[WhiteElo "2231"]
[BlackElo "1871"]
[Annotator "TA"]
[PlyCount "69"]
[EventDate "2024.03.13"]
[EventCountry "GHA"]
[SourceTitle "playchess.com"]
[Source "ChessBase"]
[SourceQuality "1"]
[TimeControl "5400+30"]

1. Nf3 Nf6 2. c4 g6 3. g3 Bg7 4. Bg2 d6 5. Nc3 Nc6 6. O-O O-O 7. Rb1 Bf5 8. d3 Qd7 9. b4 Bh3 10. b5 {[%emt 0:00:32][%cal Og2h3] [#] Bxh3! would now be deadly.} Nd8 11. Bb2 {[%emt 0:01:36] The position is equal.} e5 12. Re1 Bxg2 13. Kxg2 Ne6 14. e3 a6 15. a4 axb5 16. axb5 Ra5 17. Ra1 Rfa8 18. Rxa5 Rxa5 19. Qc2 Nc5 20. d4 e4 (20... exd4 {simplifies} 21. exd4 Ne6 22. h3 Ra8) 21. Ne5 Qf5 22. dxc5 {[%emt 0:01:55][%cal Oc5c6] Black must now prevent c6!} dxe5 23. Qd2 Qf3+ 24. Kg1 Ra8 {[%emt 0:00:52] Against Qd8+} 25. Nd5 $36 {[%emt 0:03:04][%mdl 2048] White is pushing.} Nxd5 26. cxd5 {[%emt 0:01:26][%cal Bc4d5,Bd5d6,Bd6c7][%mdl 32] aiming for c6.} Qg4 $2 {[%emt 0:02:29] [#] This move loses the game for Black.} (26... h5 $1 $14) 27. d6 $1 $18 Rd8 $2 (27... Qd7 28. Rc1 cxd6) 28. Qa5 (28. dxc7 $2 {is the wrong capture.} Rxd2 29. Bc3 Rc2 $19) 28... Rc8 29. dxc7 {[%emt 0:02:32] Hoping for b6.} Qd7 30. b6 Bf6 31. Qc3 Qb5 32. Rd1 Qe8 33. Rd6 Bg7 34. Qd2 Bf8 35. Rd8 {[%emt 0:00:11] Weighted Error Value: White=0.05 (flawless) /Black=0.50.  Loses game:     	---       	Black=1      Mistake:       	---       	Black=1      Inaccurate:     	White=1     	Black=2      OK:         	White=6     	Black=9      Best:        	White=2     	Black=1      Strong:       	White=1     	---} 1-0

[Event "African Individual Chess-ch Open 2024"]
[Site "Accra"]
[Date "2024.03.13"]
[Round "1.9"]
[White "Amoako Philip Selikem Yao"]
[Black "Abdulraheem Abdulrahman Akinto"]
[Result "0-1"]
[ECO "B26"]
[WhiteElo "1848"]
[BlackElo "2229"]
[Annotator "TA"]
[PlyCount "78"]
[EventDate "2024.03.13"]
[EventCountry "GHA"]
[SourceTitle "playchess.com"]
[Source "ChessBase"]
[SourceQuality "1"]
[TimeControl "5400+30"]

1. e4 c5 2. Nc3 Nc6 3. g3 g6 4. Bg2 Bg7 5. d3 Rb8 6. Be3 d6 7. Qd2 b5 8. h3 b4 9. Nd1 a5 10. f4 a4 {[%emt 0:03:30] Black is slightly better.} 11. Ne2 a3 12. d4 Ba6 13. e5 Qc7 14. c3 (14. bxa3 $142 Bxe2 (14... bxa3 15. Ndc3 $15) 15. Qxe2 Nxd4 (15... cxd4 16. Qa6 $15) 16. Bxd4 cxd4 17. exd6 Qxd6 18. Qc4) 14... e6 (14... Nh6 $17 {Strongly threatening ...Nf5.} 15. bxa3 bxc3 (15... bxa3 16. O-O $17) 16. Ndxc3 Nf5) 15. exd6 (15. d5 $11 bxc3 16. bxc3) 15... Qxd6 $17 16. dxc5 Qxd2+ 17. Bxd2 Nge7 {[%emt 0:00:50] Black is more active.} 18. Rb1 $2 {[%emt 0:09:12][%mdl 8192] This costs White the game.} (18. b3 $17 {might work better.}) 18... Bd3 $19 19. Rc1 axb2 20. Nxb2 {[%emt 0:02:23] [#]} Bxe2 21. Kxe2 bxc3 22. Nc4 cxd2 23. Nd6+ Kd7 24. Kxd2 Rb2+ 25. Rc2 Rxc2+ 26. Kxc2 Rb8 {[%emt 0:01:12] Dodges Rb1} 27. Nc4 {[%emt 0:10:13] Wards off Rb2+} Rb5 28. Rd1+ Kc7 29. Nd6 Rb2+ 30. Kd3 Rxg2 31. Ne8+ Kd7 32. Nxg7 Rxg3+ 33. Kc4+ Nd5 34. f5 Ke7 {[%emt 0:02:25] [#] aiming for ...Ne3+.} 35. Re1 Rc3+ 36. Kb5 Nd4+ 37. Ka4 Rc4+ {[%emt 0:05:08] Black mates.} 38. Ka5 Rxc5+ 39. Ka4 Rc8 {[%emt 0:03:30] Weighted Error Value: White=0.70/Black=0.09 (flawless) .  Loses game:     	White=1     	---        Mistake:       	White=2     	Black=1      Inaccurate:     	White=2     	Black=1      OK:         	White=2     	Black=11     Best:        	White=2     	Black=3} 0-1

[Event "African Individual Chess-ch Open 2024"]
[Site "Accra"]
[Date "2024.03.13"]
[Round "1.10"]
[White "Wanyama, Harold"]
[Black "Akpa Prince"]
[Result "1-0"]
[ECO "B09"]
[WhiteElo "2226"]
[BlackElo "1845"]
[Annotator "TA"]
[PlyCount "85"]
[EventDate "2024.03.13"]
[EventCountry "GHA"]
[SourceTitle "playchess.com"]
[Source "ChessBase"]
[SourceQuality "1"]
[TimeControl "5400+30"]

1. d4 g6 2. e4 d6 3. Nc3 Nf6 4. f4 Bg7 5. Nf3 O-O 6. Bc4 Nxe4 7. Bxf7+ Rxf7 8. Nxe4 c6 9. O-O h6 10. Ng3 Nd7 {[%emt 0:01:59] White is slightly better.} 11. Qd3 Nf8 12. Nh4 e5 13. Nxg6 exd4 14. Bd2 (14. Nxf8 $1 $16 {And now Ng6 would win.} Qxf8 15. Bd2) 14... Nxg6 $14 15. Qxg6 Qf6 16. Qd3 {[%emt 0:01:00] White has more active pieces.} Bf5 17. Nxf5 Qxf5 18. Rae1 Qxd3 19. cxd3 Kf8 ({Black should try} 19... d5 $14) 20. f5 Re8 21. g4 (21. f6 $6 Rxf6 (21... Rxe1 $2 22. fxg7+ Kxg7 23. Rxe1 $18) 22. Rxf6+ Bxf6 $14) 21... Rxe1 22. Rxe1 $16 {[%emt 0:00:09][%mdl 4096] Endgame. KRB-KRB} Re7 23. Kg2 Rxe1 24. Bxe1 {[%emt 0:00:17] KB-KB} b5 (24... d5 $16 {was necessary.}) 25. Kf3 $18 c5 26. Ke4 c4 27. Bd2 c3 (27... Kf7 {was called for.} 28. Bc1 Ke7) 28. Bc1 Ke7 29. h4 Kf7 {[%emt 0:03:33][%cal Oh6h5] [#]} 30. Kd5 $2 (30. bxc3 $1 $18 dxc3 31. g5) 30... Bf6 $2 {[%emt 0:02:29] A mistake that costs the game.} (30... h5 $1 $11 31. g5 (31. Kxd6 $2 hxg4 32. bxc3 dxc3 $19) (31. gxh5 Bh6 $17) 31... Be5 32. g6+ (32. bxc3 dxc3 33. d4 Bg3 $11) 32... Kf6 33. bxc3 Kxf5 34. cxd4 Bh8) 31. bxc3 (31. Kxd6 Bxh4 32. bxc3 (32. Bxh6 $2 cxb2 33. Kd7 b1=Q $19) 32... dxc3 33. Bxh6 Kf6 $11) 31... dxc3 {[%emt 0:00:20] [#]} 32. g5 $1 (32. Bxh6 Bxh4 33. g5 (33. Kxd6 Kf6 $11) 33... Ke7 $11) 32... hxg5 (32... Be7 {was worth a try.} 33. Be3 (33. gxh6 Bxh4 34. Kxd6 a5 $16) (33. g6+ Kg7 $11) 33... hxg5 34. hxg5 (34. Bxa7 $2 gxh4 35. Ke4 h3 $19) 34... c2) 33. hxg5 Be5 34. Kc6 (34. d4 Bg7 35. f6 (35. Kxd6 Bxd4 36. Kc6 a6 $16) 35... Bf8 $18) 34... a6 (34... b4 $6 35. Kb5 b3 36. axb3 $16) (34... Bg3 35. Kxb5 Be1) 35. Kb6 Bg3 36. Kxa6 Be1 37. Kxb5 Bd2 38. g6+ (38. Kb4 $142 Bxc1 39. g6+ Kf6 40. Kxc3) 38... Kf6 39. Ba3 {[%emt 0:00:33] Strongly threatening Kc4.} c2 40. Bb2+ (40. Bxd6 c1=Q (40... c1=B $2 41. Be5+ Kxf5 42. g7 $18) 41. Bc5 Qb2+ (41... Kxf5 $2 42. a4 $19) 42. Kc6 Kxf5 $19) 40... Kxf5 41. g7 {[%emt 0:00:20] White mates.} Bc3 42. g8=Q (42. g8=R Bxb2 43. Rg1 c1=Q $19 (43... c1=B 44. a4 $11) (43... c1=R $2 44. Rg2 $19)) 42... Bxb2 43. Qc8+ {[%emt 0:00:14] Weighted Error Value: White=0.54/Black=0.58.  Loses game:     	---       	Black=1      Missed win:     	White=1     	---        Mistake:       	White=1     	Black=5      Inaccurate:     	---       	Black=6      OK:         	White=6     	Black=8      Best:        	White=1     	Black=2      Strong:       	White=1     	---} 1-0

[Event "African Individual Chess-ch Open 2024"]
[Site "Accra"]
[Date "2024.03.13"]
[Round "1.12"]
[White "Agnelo, Amorim"]
[Black "Ameku, David Selasi"]
[Result "1-0"]
[ECO "B11"]
[WhiteElo "2219"]
[BlackElo "1839"]
[Annotator "RC"]
[PlyCount "107"]
[EventDate "2024.03.13"]
[EventCountry "GHA"]
[SourceTitle "playchess.com"]
[Source "ChessBase"]
[SourceQuality "1"]
[TimeControl "5400+30"]

1. e4 c6 2. Nf3 d5 3. Nc3 Bg4 4. h3 Bxf3 5. Qxf3 e6 6. exd5 cxd5 7. Bb5+ Nd7 8. O-O Ngf6 9. Re1 Be7 10. d4 O-O 11. Bd3 a6 12. Ne2 Re8 13. Bf4 Qb6 14. a4 Bd6 15. Bxd6 Qxd6 16. Ng3 Rac8 17. c3 Qb6 18. Reb1 Qc7 19. Nf1 a5 20. Bb5 Red8 21. Ne3 Ne4 22. Rd1 Ndf6 23. Ng4 Nxg4 24. Qxg4 Qb6 25. Rab1 Nd6 26. Bd3 Qb3 27. Qe2 Nc4 28. Bc2 Qb6 29. Rd3 g6 30. Rg3 Qd6 31. Bd3 Rc7 32. h4 Qf4 33. h5 Kg7 34. Rg4 Qd6 35. Re1 Rb8 36. Rg3 Re8 37. b3 Nb6 38. Bc2 Rec8 39. hxg6 hxg6 40. Bxg6 Rxc3 41. Bd3+ Kf8 42. Qg4 Nd7 43. Qg7+ Ke7 44. Rf3 Rf8 45. Bf5 Rxf3 46. Rxe6+ Qxe6 47. Bxe6 Kxe6 48. gxf3 Rc8 49. Qg4+ Ke7 50. Qf5 Nb6 51. Qd3 Rc1+ 52. Kg2 Rc6 53. Qb5 Kd8 54. Qxa5 1-0